 Dungeon Crawl Stone Soup version 0.21.1-1-g345015f (webtiles) character file.

3154 Mirai the Destroyer (level 9, -14/45 HPs)
             Began as a Deep Elf Conjurer on Apr 16, 2018.
             Was an Initiate of Vehumet.
             Demolished by a two-headed ogre
             ... wielding a +0 giant spiked club
              (16 damage)
             ... on level 8 of the Dungeon.
             The game lasted 00:29:43 (7979 turns).

Mirai the Destroyer (Deep Elf Conjurer)             Turns: 7979, Time: 00:29:44

Health: -14/45     AC:  7    Str:  5    XL:     9   Next: 62%
Magic:  0/23       EV: 13    Int: 24    God:    Vehumet [......]
Gold:   357        SH:  0    Dex: 17    Spells: 6/25 levels left

rFire    . . .     SeeInvis .   o - +3 short sword (venom)
rCold    . . .     Gourm    .   (no shield)
rNeg     . . .     Faith    .   a - +1 robe
rPois    .         Spirit   +   m - +0 helmet
rElec    .         Reflect  .   (no cloak)
rCorr    .         Harm     .   (no gloves)
MR       .....                  (no boots)
Stlth    ++........             j - amulet of guardian spirit
HPRegen  0.15/turn              B - +3 ring of protection
MPRegen  0.18/turn              y - ring of wizardry

@: no status effects
A: agile 1, blink
a: Blink, Renounce Religion


You were on level 8 of the Dungeon.
You worshipped Vehumet.
Vehumet was noncommittal.
You were not hungry.

You visited 2 branches of the dungeon, and saw 9 of its levels.

You collected 357 gold pieces.

Inventory:

Hand Weapons
 o - a +3 short sword of venom (weapon)
Armour
 a - a +1 robe (worn)
 m - a +0 helmet (worn)
Jewellery
 d - an uncursed ring of protection from fire
 i - an uncursed ring of see invisible
 j - an amulet of guardian spirit (around neck)
 y - a ring of wizardry (right hand)
 B - a +3 ring of protection (left hand)
Wands
 k - a wand of polymorph (21)
 u - a wand of acid (13)
 A - a wand of iceblast (12)
Scrolls
 e - 5 scrolls of teleportation
 g - 9 scrolls of identify
 h - 3 scrolls of enchant weapon
 n - 3 scrolls of remove curse
 r - a scroll of enchant armour
 t - 2 scrolls of fog
Potions
 f - 2 potions of curing
 l - 2 potions of mutation
 q - 2 potions of brilliance
Books
 b - a book of Conjurations

   Spells                             Type                      Level
   a - Magic Dart                     Conjuration                  1
   b - Searing Ray                    Conjuration                  2
   c - Dazzling Spray                 Conjuration/Hexes            3
   d - Fulminant Prism                Conjuration/Hexes            4
   e - Force Lance                    Conjuration/Translocation    4
   f - Iskenderun's Mystic Blast      Conjuration                  4
 v - a book of Flames

   Spells                             Type                      Level
   a - Flame Tongue                   Conjuration/Fire             1
   b - Throw Flame                    Conjuration/Fire             2
   c - Conjure Flame                  Conjuration/Fire             3
   d - Inner Flame                    Hexes/Fire                   3
   e - Sticky Flame                   Conjuration/Fire             4
   f - Fireball                       Conjuration/Fire             5
 z - a book of Debilitation

   Spells                             Type                      Level
   a - Corona                         Hexes                        1
   b - Slow                           Hexes                        2
   c - Inner Flame                    Hexes/Fire                   3
   d - Portal Projectile              Hexes/Translocation          3
   e - Cause Fear                     Hexes                        4
   f - Leda's Liquefaction            Hexes/Earth                  4
Comestibles
 c - 15 rations


   Skills:
 - Level 2.7 Dodging
 - Level 3.0 Stealth
 + Level 8.9 Spellcasting
 + Level 9.1 Conjurations
 + Level 7.5 Hexes
 * Level 4.3 Fire Magic
 + Level 6.3 Evocations


You had 6 spell levels left.
You knew the following spells:

 Your Spells              Type           Power        Failure   Level  Hunger
a - Magic Dart            Conj           ####         1%          1    None
b - Searing Ray           Conj           ######       1%          2    None
c - Iskenderun's Mystic   Conj           ######..     1%          4    ##.....
d - Fulminant Prism       Conj/Hex       ######....   1%          4    ##.....
e - Conjure Flame         Conj/Fire      #####...     1%          3    None
f - Fireball              Conj/Fire      #####.....   4%          5    ####...


Dungeon Overview and Level Annotations

Branches:
Dungeon (8/15)             Temple (1/1) D:6
   Lair: D:8-11

Altars:
Cheibriados
Dithmenos
Elyvilon
Gozag
Hepliaklqana
Kikubaaqudgha
Nemelex Xobeh
Qazlal
Ru
Sif Muna
Trog
Uskayaw
Vehumet
Wu Jian
Xom
Yredelemnul
Zin
The Shining One

Shops:
D:5 *


Innate Abilities, Weirdness & Mutations

You are agile. (Dex +2)
You can translocate small distances at will.


Message History

The searing ray hits the two-headed ogre.
The two-headed ogre is moderately wounded. (Press . to maintain the ray.)
The searing ray hits the two-headed ogre.
The two-headed ogre is heavily wounded.
The two-headed ogre closely misses you.
The two-headed ogre hits you with a giant spiked club!
A centaur zombie comes into view.
The searing ray hits the two-headed ogre.
The two-headed ogre is severely wounded.
The two-headed ogre hits you with a giant spiked club!!
Ouch! That really hurt!
The two-headed ogre hits you with a giant spiked club!
* * * LOW HITPOINT WARNING * * *
You don't have enough health at the moment.
Unknown command.
Okay, then.
Okay, then.
The two-headed ogre hits you with a giant spiked club!
You die...

. .
#.###########..
....รท.O@...Z...
..#....[...###.
#........#
#........#
#####.#### .[#
...[ #####


You could see a two-headed ogre and a centaur zombie.

Vanquished Creatures
  Pikel (D:7)
  Sigmund (D:3)
  Duvessa (D:7)
  An orc warrior (D:8)
  4 sky beasts
  2 phantoms (D:4)
  2 slaves (D:7)
  A necrophage (D:5)
  2 ogres
  A big kobold (D:7)
  A bullfrog (D:8)
  Dowan (D:7)
  3 wights (D:6)
  2 howler monkeys
  A crimson imp (D:5)
  A bullfrog zombie (D:5)
  3 hounds
  An orc priest (D:3)
  An iguana (D:4)
  7 orc wizards
  A gnoll shaman (D:7)
  An iron imp (D:5)
  Jessica (D:3)
  Ijyb (D:3)
  Terence (D:3)
  5 worker ants
  A hound zombie (D:5)
  Robin (D:3)
  18 adders
  6 gnolls
  A worm (D:3)
  5 dart slugs
  4 leopard geckos
  15 orcs
  6 giant cockroaches
  27 goblins
  10 hobgoblins
  6 jackals (D:2)
  8 kobolds
  3 quokkas
  A ball python (D:5)
  7 bats
  2 frilled lizards
  A goblin skeleton (D:5)
  3 hobgoblin zombies (D:5)
  2 kobold skeletons (D:5)
  A kobold zombie (D:5)
  2 orc skeletons (D:5)
  An orc zombie (D:5)
  A quokka skeleton (D:6)
  9 rats
188 creatures vanquished.

Vanquished Creatures (others)
  A hippogriff (D:7)
  A crimson imp (D:7)
  2 gnolls (D:7)
4 creatures vanquished.

Grand Total: 192 creatures vanquished

Notes
Turn   | Place    | Note
-------+----------+-------------------------------------------
     0 | D:1      | Mirai the Deep Elf Conjurer began the quest for the Orb.
     0 | D:1      | Reached XP level 1. HP: 10/10 MP: 6/6
   195 | D:1      | Reached XP level 2. HP: 13/15 MP: 4/8
   291 | D:1      | Reached skill level 5 in Conjurations
   840 | D:2      | Reached XP level 3. HP: 19/19 MP: 5/9
  1082 | D:2      | Reached XP level 4. HP: 20/24 MP: 0/11
  1411 | D:2      | Reached skill level 6 in Conjurations
  1650 | D:3      | Gained mutation: You are agile. (Dex +2) [potion of mutation]
  1650 | D:3      | Gained mutation: You can translocate small distances at will. [potion of mutation]
  1974 | D:3      | Noticed Terence
  1994 | D:3      | Killed Terence
  1994 | D:3      | Reached XP level 5. HP: 21/28 MP: 0/13
  2013 | D:3      | Noticed Ijyb
  2013 | D:3      | Noticed Sigmund
  2017 | D:3      | Killed Ijyb
  2052 | D:3      | Found a snail-covered altar of Cheibriados.
  2067 | D:2      | Learned a level 2 spell: Searing Ray
  2072 | D:2      | Learned a level 4 spell: Iskenderun's Mystic Blast
  2077 | D:2      | Learned a level 4 spell: Fulminant Prism
  2161 | D:2      | Reached skill level 1 in Evocations
  2481 | D:3      | Found a shadowy altar of Dithmenos.
  2522 | D:3      | Found a sparkling altar of Nemelex Xobeh.
  2588 | D:3      | Noticed Robin
  2673 | D:3      | Killed Robin
  3153 | D:3      | Reached XP level 6. HP: 32/32 MP: 10/15
  3172 | D:3      | Reached skill level 1 in Hexes
  3291 | D:3      | Reached skill level 5 in Spellcasting
  3314 | D:3      | Noticed Jessica
  3318 | D:3      | Killed Jessica
  3419 | D:3      | Killed Sigmund
  3640 | D:3      | Reached skill level 7 in Conjurations
  3707 | D:3      | Reached XP level 7. HP: 36/36 MP: 8/17
  4496 | D:4      | Found a bloodstained altar of Trog.
  4828 | D:5      | Entered Level 5 of the Dungeon
  4881 | D:5      | Found a glowing golden altar of the Shining One.
  4984 | D:5      | Reached XP level 8. HP: 41/41 MP: 6/20
  5095 | D:5      | Found a sacrificial altar of Ru.
  5222 | D:5      | Reached skill level 5 in Hexes
  5363 | D:5      | Reached skill level 8 in Conjurations
  5629 | D:5      | Found Zoys's Assorted Antiques.
  5963 | D:6      | Reached skill level 5 in Evocations
  6177 | D:6      | Found a staircase to the Ecumenical Temple.
  6193 | Temple   | Entered the Ecumenical Temple
  6239 | Temple   | Became a worshipper of Vehumet
  6382 | D:6      | Learned a level 3 spell: Conjure Flame
  6388 | D:6      | Learned a level 5 spell: Fireball
  6759 | D:7      | Noticed Pikel
  6891 | D:7      | Killed Pikel
  6891 | D:7      | Reached XP level 9. HP: 28/45 MP: 4/23
  7065 | D:7      | Noticed Duvessa
  7070 | D:7      | Killed Duvessa
  7200 | D:7      | Noticed Dowan
  7202 | D:7      | Killed Dowan
  7301 | D:7      | Reached skill level 9 in Conjurations
  7974 | D:8      | Noticed a two-headed ogre
  7978 | D:8      | HP: 2/45 [two-headed ogre/giant spiked club (12)]
  7979 | D:8      | Demolished by a two-headed ogre

Skill      XL: |  1  2  3  4  5  6  7  8  9 |
---------------+----------------------------+-----
Conjurations   | 5 6 7 8 9 |  9.1
Spellcasting   | 4 5 6 8 |  8.9
Stealth        | 3 |  3.0
Evocations     | 1 2 4 5 6 |  6.3
Hexes          | 2 4 6 7 |  7.5
Fire Magic     | 2 4 |  4.3
Dodging        | |  2.7

Action                   |  1- 3 |  4- 6 |  7- 9 || total
-------------------------+-------+-------+-------++-------
Melee: Falchion          |       |     3 |       ||     3
       Short sword       |       |       |    34 ||    34
 Cast: Magic Dart        |    67 |    86 |   108 ||   261
       Iskenderun's Myst |       |    12 |    30 ||    42
       Searing Ray       |       |     8 |    37 ||    45
       Fireball          |       |       |    17 ||    17
 Abil: Blink             |       |       |     1 ||     1
Evoke: Wand              |       |     4 |       ||     4
  Use: Potion            |       |     6 |     4 ||    10
       Scroll            |       |     8 |     6 ||    14
  Eat: Chunk             |       |    10 |    12 ||    22
       Ration            |       |       |     2 ||     2
Armor: Robe              |     1 |    14 |    17 ||    32
Dodge: Dodged            |    10 |    65 |    83 ||   158
       Rpst.: Falchion   |       |     8 |       ||     8
